[ PARTIDA AOE2 · #467561535 ]
1v1 RMJaponeses vs Romans
Equipo del jugador · DERR
Equipo rival · VICT
[ ANÁLISIS DE REPETICIÓN · EXTRAÍDO DE LA PARTIDA GRABADA ]
Feudal
10:04
Castillos
18:56
Imperial
34:30
| APM promedio | 21.3 |
| APM pico | 51 |
| eAPM promedio | 15.4 |
| Aldeanos / militares | 126 / 140 |
Foco
⚔️ 33.7% · 🌾 66.3%
Militia ×69 · Spearman ×30 · Samurai ×15 · Fishing Ship ×9 · Archer ×6 · Demolition Raft ×5
Feudal
—
Castillos
—
Imperial
—
| APM promedio | 22.6 |
| APM pico | 66 |
| eAPM promedio | 14.9 |
| Aldeanos / militares | 91 / 198 |
Foco
⚔️ 43.7% · 🌾 56.3%
Militia ×77 · Skirmisher ×41 · Knight ×39 · Fishing Ship ×19 · Fire Galley ×18 · Spearman ×14
Mapa de la partida
Recursos al inicio + cada clic de construcción. Línea gruesa = muro · recuadro discontinuo = muro de casas detectado. 🟡 oro · ⚪ piedra · 🟢 bayas · 🔶 jabalí · ⭕ reliquia
Inputs por minuto
— KENPACHI - - daera nitep
Build order — KENPACHI
Primeras 150 de 367 acciones detectadas
| 0:00 | Crear | Villager (Male) |
| 0:01 | Crear | Villager (Male) |
| 0:01 | Crear | Villager (Male) |
| 0:03 | Construir | House |
| 0:05 | Construir | House |
| 0:23 | Crear | Villager (Male) |
| 1:24 | Crear | Villager (Male) |
| 1:53 | Construir | Lumber Camp |
| 2:03 | Crear | Villager (Male) |
| 2:25 | Crear | Villager (Male) |
| 2:59 | Crear | Villager (Male) |
| 3:13 | Crear | Villager (Male) |
| 3:42 | Crear | Villager (Male) |
| 3:58 | Crear | Villager (Male) |
| 4:12 | Construir | Dock |
| 4:21 | Construir | House |
| 4:24 | Crear | Villager (Male) |
| 4:53 | Construir | House |
| 4:54 | Crear | Fishing Ship |
| 5:10 | Crear | Villager (Male) |
| 5:42 | Crear | Villager (Male) |
| 5:43 | Crear | Villager (Male) |
| 5:51 | Crear | Fishing Ship |
| 6:21 | Crear | Villager (Male) |
| 6:30 | Crear | Fishing Ship |
| 6:55 | Crear | Villager (Male) |
| 7:04 | Construir | Mill |
| 7:21 | Crear | Villager (Male) |
| 7:54 | Investigar | Feudal Age |
| 8:20 | Construir | Lumber Camp |
| 8:48 | Construir | Dock |
| 9:22 | Construir | House |
| 9:41 | Crear | Transport Ship |
| 10:01 | Construir | Mining Camp |
| 10:04 | Edad | Edad Feudal |
| 10:07 | Crear | Demolition Raft |
| 10:21 | Crear | Villager (Male) |
| 10:22 | Crear | Villager (Male) |
| 10:28 | Investigar | Horse Collar |
| 10:32 | Investigar | Double-Bit Axe |
| 10:51 | Investigar | Loom |
| 10:57 | Construir | Farm |
| 10:59 | Construir | Farm |
| 11:02 | Crear | Villager (Male) |
| 11:16 | Crear | Fishing Ship |
| 11:44 | Construir | Barracks |
| 11:48 | Crear | Villager (Male) |
| 12:05 | Crear | Villager (Male) |
| 12:06 | Crear | Villager (Male) |
| 12:12 | Construir | House |
| 12:13 | Construir | House |
| 12:23 | Crear | Fishing Ship |
| 12:25 | Crear | Fishing Ship |
| 12:32 | Construir | House |
| 12:51 | Construir | Farm |
| 13:07 | Crear | Spearman |
| 13:10 | Construir | House |
| 13:20 | Construir | Archery Range |
| 13:29 | Crear | Villager (Male) |
| 13:39 | Construir | House |
| 13:44 | Crear | Demolition Raft |
| 13:54 | Crear | Villager (Male) |
| 13:59 | Construir | House |
| 14:12 | Construir | Farm |
| 14:12 | Construir | Farm |
| 14:13 | Crear | Villager (Male) |
| 14:20 | Construir | House |
| 14:27 | Crear | Villager (Male) |
| 14:30 | Crear | Archer |
| 14:31 | Crear | Archer |
| 14:50 | Construir | House |
| 14:57 | Construir | Stable |
| 15:18 | Crear | Villager (Male) |
| 15:18 | Crear | Villager (Male) |
| 15:29 | Construir | Market |
| 15:48 | Construir | House |
| 15:51 | Crear | Villager (Male) |
| 15:53 | Investigar | Castle Age |
| 15:56 | Crear | Scout Cavalry |
| 16:03 | Construir | House |
| 16:32 | Construir | Mining Camp |
| 16:56 | Crear | Archer |
| 16:57 | Crear | Archer |
| 16:57 | Crear | Archer |
| 17:25 | Construir | Blacksmith |
| 17:38 | Crear | Archer |
| 18:37 | Construir | Dock |
| 18:56 | Edad | Edad de los Castillos |
| 18:57 | Crear | Knight |
| 18:58 | Crear | Knight |
| 19:16 | Crear | Unit 2626 |
| 19:16 | Crear | Unit 2626 |
| 19:22 | Crear | Unit 2626 |
| 19:29 | Crear | Villager (Male) |
| 19:34 | Construir | Town Center |
| 19:55 | Crear | Knight |
| 19:57 | Crear | Villager (Male) |
| 19:57 | Crear | Villager (Male) |
| 20:06 | Investigar | Scale Barding Armor |
| 20:07 | Investigar | Forging |
| 20:08 | Crear | Villager (Male) |
| 20:18 | Construir | Town Center |
| 20:25 | Construir | Lumber Camp |
| 20:53 | Crear | Knight |
| 20:56 | Investigar | Husbandry |
| 21:12 | Construir | House |
| 21:15 | Crear | Demolition Raft |
| 21:31 | Crear | Villager (Male) |
| 21:32 | Crear | Villager (Male) |
| 21:32 | Crear | Villager (Male) |
| 21:32 | Crear | Villager (Male) |
| 21:42 | Construir | Mining Camp |
| 21:46 | Crear | Villager (Male) |
| 21:47 | Crear | Villager (Male) |
| 21:54 | Construir | Mining Camp |
| 21:58 | Crear | Villager (Male) |
| 21:58 | Crear | Villager (Male) |
| 22:20 | Construir | Farm |
| 22:21 | Construir | Farm |
| 22:22 | Construir | Farm |
| 22:23 | Construir | Farm |
| 22:35 | Construir | Monastery |
| 22:36 | Crear | Villager (Male) |
| 22:37 | Crear | Villager (Male) |
| 22:37 | Crear | Villager (Male) |
| 22:37 | Crear | Villager (Male) |
| 22:44 | Crear | Knight |
| 22:56 | Construir | Farm |
| 22:57 | Construir | Farm |
| 22:58 | Construir | Farm |
| 23:02 | Construir | Farm |
| 23:11 | Construir | House |
| 23:14 | Crear | Villager (Male) |
| 23:14 | Crear | Villager (Male) |
| 23:18 | Construir | Farm |
| 23:31 | Crear | Villager (Male) |
| 23:39 | Construir | Farm |
| 23:39 | Construir | Farm |
| 23:40 | Construir | Farm |
| 23:42 | Construir | Farm |
| 24:00 | Crear | Monk |
| 24:02 | Crear | Monk |
| 24:09 | Construir | Town Center |
| 24:13 | Construir | Farm |
| 24:15 | Crear | Villager (Male) |
| 24:15 | Crear | Villager (Male) |
| 24:33 | Investigar | Bloodlines |
| 24:37 | Crear | Villager (Male) |
| 24:38 | Crear | Villager (Male) |
| 25:00 | Crear | Villager (Male) |
Build order — daera nitep
Primeras 150 de 434 acciones detectadas
| 0:00 | Crear | Villager (Male) |
| 0:02 | Construir | House |
| 0:04 | Construir | House |
| 0:06 | Crear | Villager (Male) |
| 0:07 | Crear | Villager (Male) |
| 0:07 | Crear | Villager (Male) |
| 1:35 | Crear | Villager (Male) |
| 1:35 | Crear | Villager (Male) |
| 1:35 | Crear | Villager (Male) |
| 2:04 | Crear | Villager (Male) |
| 2:13 | Construir | Lumber Camp |
| 2:17 | Crear | Villager (Male) |
| 2:48 | Crear | Villager (Male) |
| 2:58 | Crear | Villager (Male) |
| 3:23 | Crear | Villager (Male) |
| 3:24 | Crear | Villager (Male) |
| 3:24 | Crear | Villager (Male) |
| 3:44 | Crear | Villager (Male) |
| 3:45 | Crear | Villager (Male) |
| 3:49 | Construir | House |
| 4:09 | Crear | Villager (Male) |
| 4:15 | Construir | Mill |
| 4:33 | Construir | House |
| 4:38 | Crear | Villager (Male) |
| 4:52 | Construir | House |
| 5:02 | Crear | Villager (Male) |
| 5:51 | Construir | Lumber Camp |
| 5:53 | Crear | Villager (Male) |
| 6:06 | Crear | Villager (Male) |
| 6:32 | Crear | Villager (Male) |
| 7:05 | Crear | Villager (Male) |
| 7:23 | Construir | Dock |
| 7:28 | Crear | Villager (Male) |
| 7:54 | Investigar | Loom |
| 8:23 | Construir | Dock |
| 8:31 | Investigar | Feudal Age |
| 9:09 | Construir | Mining Camp |
| 9:20 | Crear | Transport Ship |
| 9:58 | Construir | Dock |
| 10:22 | Crear | Fishing Ship |
| 10:31 | Crear | Fishing Ship |
| 10:47 | Crear | Villager (Male) |
| 10:48 | Crear | Villager (Male) |
| 10:48 | Crear | Villager (Male) |
| 11:01 | Construir | Lumber Camp |
| 11:24 | Crear | Fishing Ship |
| 11:30 | Crear | Villager (Male) |
| 11:30 | Crear | Villager (Male) |
| 11:41 | Investigar | Double-Bit Axe |
| 11:52 | Construir | House |
| 11:58 | Construir | House |
| 12:39 | Construir | Mill |
| 12:53 | Construir | House |
| 12:56 | Construir | House |
| 13:03 | Crear | Fishing Ship |
| 13:17 | Crear | Villager (Male) |
| 13:17 | Crear | Villager (Male) |
| 13:33 | Construir | Market |
| 13:38 | Crear | Villager (Male) |
| 13:57 | Crear | Villager (Male) |
| 14:08 | Construir | Barracks |
| 14:25 | Crear | Villager (Male) |
| 14:29 | Crear | Fishing Ship |
| 14:36 | Crear | Fire Galley |
| 15:02 | Investigar | Man-at-Arms (upgrade) |
| 15:10 | Construir | Blacksmith |
| 15:15 | Crear | Villager (Male) |
| 15:15 | Crear | Villager (Male) |
| 15:18 | Crear | Fire Galley |
| 15:25 | Crear | Fire Galley |
| 15:42 | Crear | Militia |
| 15:43 | Crear | Militia |
| 15:48 | Crear | Militia |
| 15:51 | Crear | Militia |
| 15:54 | Crear | Villager (Male) |
| 15:57 | Investigar | Gold Mining |
| 16:04 | Construir | Lumber Camp |
| 16:12 | Crear | Fire Galley |
| 16:14 | Crear | Fire Galley |
| 16:23 | Investigar | Scale Mail Armor |
| 16:50 | Construir | House |
| 16:52 | Construir | House |
| 16:54 | Investigar | Forging |
| 16:58 | Crear | Villager (Male) |
| 16:58 | Crear | Villager (Male) |
| 17:06 | Crear | Fishing Ship |
| 17:09 | Crear | Fishing Ship |
| 17:13 | Crear | Fishing Ship |
| 17:39 | Crear | Militia |
| 17:40 | Crear | Militia |
| 18:58 | Investigar | Castle Age |
| 19:48 | Crear | Fire Galley |
| 19:48 | Crear | Fire Galley |
| 19:48 | Crear | Fire Galley |
| 19:49 | Crear | Fire Galley |
| 19:49 | Crear | Fire Galley |
| 19:57 | Crear | Fire Galley |
| 19:57 | Crear | Fire Galley |
| 19:57 | Crear | Fire Galley |
| 19:57 | Crear | Fire Galley |
| 20:09 | Crear | Militia |
| 20:09 | Crear | Militia |
| 20:09 | Crear | Militia |
| 20:17 | Construir | House |
| 20:19 | Construir | House |
| 20:20 | Construir | House |
| 20:26 | Construir | Farm |
| 20:28 | Construir | Farm |
| 20:30 | Construir | Farm |
| 20:31 | Construir | Farm |
| 20:33 | Construir | Farm |
| 20:35 | Investigar | Horse Collar |
| 20:42 | Construir | House |
| 20:44 | Construir | House |
| 20:45 | Construir | House |
| 20:58 | Crear | Spearman |
| 20:59 | Crear | Spearman |
| 20:59 | Crear | Spearman |
| 21:09 | Crear | Spearman |
| 21:09 | Crear | Spearman |
| 21:09 | Crear | Spearman |
| 21:25 | Crear | Fire Galley |
| 21:25 | Crear | Fire Galley |
| 21:25 | Crear | Fire Galley |
| 21:47 | Investigar | Chain Mail Armor |
| 21:47 | Investigar | Scale Barding Armor |
| 21:52 | Crear | Villager (Male) |
| 21:52 | Crear | Villager (Male) |
| 21:52 | Crear | Villager (Male) |
| 22:00 | Construir | Mining Camp |
| 22:13 | Crear | Spearman |
| 22:13 | Crear | Spearman |
| 22:14 | Crear | Spearman |
| 22:22 | Construir | Stable |
| 22:32 | Crear | Spearman |
| 22:32 | Crear | Spearman |
| 22:32 | Crear | Spearman |
| 22:48 | Crear | Villager (Male) |
| 22:49 | Crear | Villager (Male) |
| 22:53 | Construir | Mining Camp |
| 23:02 | Construir | House |
| 23:08 | Crear | Villager (Male) |
| 23:09 | Crear | Villager (Male) |
| 23:33 | Construir | Town Center |
| 23:37 | Crear | Spearman |
| 23:37 | Crear | Spearman |
| 23:50 | Construir | Farm |
| 23:52 | Construir | Farm |
| 24:06 | Crear | Fishing Ship |
| 24:16 | Crear | Villager (Male) |
Cronología de la partida
| 4:12 | KENPACHI · first_building Dock |
| 7:23 | daera nitep · first_building Dock |
| 10:04 | KENPACHI · age_up feudal |
| 11:44 | KENPACHI · first_building Barracks |
| 13:20 | KENPACHI · first_building Archery Range |
| 14:08 | daera nitep · first_building Barracks |
| 14:57 | KENPACHI · first_building Stable |
| 17:47 | daera nitep · first_market_buy 100 food |
| 17:49 | daera nitep · first_market_sell 100 wood |
| 18:56 | KENPACHI · age_up castle |
| 22:22 | daera nitep · first_building Stable |
| 22:35 | KENPACHI · first_building Monastery |
| 28:54 | daera nitep · first_building Siege Workshop |
| 29:01 | KENPACHI · first_building Castle |
| 29:32 | daera nitep · first_building Castle |
| 31:11 | KENPACHI · first_market_sell 500 wood |
| 31:15 | KENPACHI · first_market_buy 500 food |
| 34:30 | KENPACHI · age_up imperial |
| 36:17 | daera nitep · first_building Archery Range |
| 49:32 | KENPACHI · resign |
[ ANÁLISIS IA · 1 CRÉDITO ]
¿Qué pasó realmente en esta partida?
Wolo.gg analiza cada decisión: build order, eco, micro, errores típicos por bracket. Análisis personalizado por WhatsApp o Discord en 30 segundos.
Guía civ
Japoneses
Guía mapa
Migration
Perfil
KENPACHI